 Dungeon Crawl Stone Soup version 0.29-a0-509-g793eeb5391 (webtiles) character file.

Game seed: 4968488180595609750

30144 Lekart the Warrior (level 13, -3/136 HPs)
             Began as a Pale Draconian Chaos Knight on May 29, 2022.
             Was a Plaything of Xom.
             Slain by a boulder beetle (41 damage)
             ... on level 5 of the Lair of Beasts.
             The game lasted 00:37:54 (20442 turns).

Lekart the Warrior (Pale Draconian Chaos Knight)   Turns: 20442, Time: 00:37:55

Health: -3/136     AC: 15    Str: 19    XL:     13   Next: 19%
Magic:  15/15      EV: 19    Int: 13    God:    Xom [....*.]
Gold:   463        SH:  0    Dex: 20    Spells: 8/15 levels left

rFire   + + .      SeeInvis .   s - +5 long sword of Capital Punishment {vorpal, Fly rF+ rCorr Dex+2}
rCold   . . .      Faith    .   (no shield)
rNeg    + + +      Spirit   .   (body armour unavailable)
rPois   +          Reflect  .   (helmet restricted)
rElec   .          Harm     .   P - +2 cloak of the Good {Contam rPois rN++ Dex+3}
rCorr   +          Rampage  .   I - +0 pair of gloves {Stlth+}
Will    .....      Clarity  +   r - +2 pair of boots {Stlth+}
Stlth   ++++......              (no amulet)
HPRegen 0.32/turn               f - ring of positive energy
MPRegen 0.14/turn               o - ring of wizardry

@: short of breath, on berserk cooldown, flying, slowed, studying 3 skills, very
slow
A: breathe steam, AC +8, unfitting armour, cold-blooded, steam resistance, big
wings, stinger 1, clarity, fire resistance 1, strong 2, wild magic 3
a: Breathe Steam, Renounce Religion


You were on level 5 of the Lair of Beasts.
You worshipped Xom.
You were a beloved toy of Xom.
You visited 3 branches of the dungeon, and saw 17 of its levels.

You collected 1027 gold pieces.
You spent 564 gold pieces at shops.

Inventory:

Hand Weapons
 d - a +4 triple sword of holy wrath
 s - the +5 long sword of Capital Punishment (weapon) {vorpal, Fly rF+ rCorr Dex+2}
   (You found it on level 3 of the Dungeon)

   It inflicts extra damage upon your enemies.
   Dex:       It affects your dexterity (+2).
   rF:        It protects you from fire.
   Fly:       It grants you flight.
   rCorr:     It protects you from acid and corrosion.
 O - a +4 war axe of freezing
Missiles
 w - 5 javelins (quivered)
Armour
 r - a +2 pair of boots of stealth (worn)
 I - a +0 pair of gloves of stealth (worn)
 P - the +2 cloak of the Good (worn) {Contam rPois rN++ Dex+3}
   (You acquired it on level 10 of the Dungeon)

   Dex:       It affects your dexterity (+3).
   rPois:     It protects you from poison.
   rN:        It greatly protects you from negative energy.
   Contam:    It causes magical contamination when unequipped.
Jewellery
 f - a ring of positive energy (left hand)
 o - a ring of wizardry (right hand)
 p - a ring of poison resistance
 A - a ring of magical power
 H - a ring of protection from fire
 J - a ring of ice
 K - a ring of ice
 M - a ring of positive energy
Wands
 k - a wand of polymorph (8)
 u - a wand of iceblast (15)
 C - a wand of acid (20)
 L - a wand of paralysis (4)
 N - a wand of flame (7)
Scrolls
 a - 6 scrolls of identify
 c - 3 scrolls of magic mapping
 e - 2 scrolls of amnesia
 h - 2 scrolls of enchant armour
 i - 4 scrolls of poison
 j - a scroll of vulnerability
 l - 9 scrolls of teleportation
 n - a scroll of silence
 x - 3 scrolls of immolation
 B - 4 scrolls of fog
 F - a scroll of fear
Potions
 g - 4 potions of brilliance
 m - 7 potions of curing
 q - 3 potions of cancellation
 t - 2 potions of ambrosia
 v - 4 potions of mutation
 z - 2 potions of heal wounds
 D - 2 potions of invisibility
 E - a potion of resistance
 G - 2 potions of lignification
Miscellaneous
 b - a piece from Xom's chessboard (5/15)
 y - a condenser vane (inert)


   Skills:
 + Level 18.4 Fighting
 - Level 14.0 Long Blades
 + Level 3.6 Axes
 + Level 1.7 Throwing
 + Level 9.6 Dodging
 * Level 1.7 Spellcasting
 * Level 1.9 Transmutations
 * Level 2.1 Air Magic
 + Level 1.2 Evocations


You had 8 spell levels left.
You knew the following spells:

 Your Spells              Type           Power      Damage    Failure   Level
a - Storm Form            Tmut/Air       6%         N/A       100%        7

Your spell library contained the following spells:

 Spells                   Type           Power      Damage    Failure   Level
 Foxfire                  Conj/Fire      8%         2x1d4     24%         1
 Necrotize                Necr           8%         1d4       24%         1
 Blink                    Tloc           4%         N/A       32%         2
 Ignite Poison            Fire/Tmut/Pois 5%         N/A       43%         3
 Conjure Flame            Conj/Fire      2%         6-21      50%         3
 Inner Flame              Hex/Fire       2%         N/A       50%         3
 Tukima's Dance           Hex            2%         N/A       50%         3
 Vampiric Draining        Necr           2%         2d6       50%         3
 Flame Wave               Conj/Fire      2%         2d4       83%         4
 Passage of Golubria      Tloc           2%         N/A       83%         4
 Sticky Flame             Conj/Fire      2%         2d3       83%         4
 Yara's Violent Unravell  Hex/Tmut       3%         3d4       95%         5
 Agony                    Necr           2%         N/A       98%         5
 Manifold Assault         Tloc           2%         N/A       98%         5


Dungeon Overview and Level Annotations

Branches:
Dungeon (11/15)            Temple (1/1) D:6            Lair (5/6) D:8
 Shoals (0/4) Lair:4       Spider (0/4) Lair:2          Orc (0/2) D:10
  Slime: Lair:5-6

Altars:
Ashenzari
Cheibriados
Dithmenos
Elyvilon
Fedhas
Gozag
Hepliaklqana
Kikubaaqudgha
Makhleb
Nemelex Xobeh
Okawaru
Qazlal
Ru
Sif Muna
Trog
Uskayaw
Vehumet
Wu Jian
Xom
Yredelemnul
Zin
The Shining One

Shops:
D:4 =   D:9 =[::(   D:10 **

Annotations:
D:3 1 runed translucent door
Lair:5 exclusion: oklob plant


Innate Abilities, Weirdness & Mutations

You can breathe blasts of scalding, opaque steam.
Your pale cyan-grey scales are hard. (AC +8)
You cannot fit into any form of body armour.
You are cold-blooded and may be slowed by cold attacks.
You are immune to the effects of steam.
Your large and strong wings let you fly.
Your tail ends in a venomous barb.
You possess an exceptional clarity of mind.
Your flesh is heat resistant. (rF+)
Your muscles are very strong. (Str +4)
Your spells are much harder to cast, but much more powerful.


Message History

The boulder beetle is heavily wounded.
The boulder beetle bites you!
You hit the boulder beetle but do no damage.
The boulder beetle is heavily wounded.
Xom opens a gate.
The boulder beetle closely misses you.
Aiming: Breathe Steam (1% risk of failure)
Press: ? - help, Shift-Dir - straight line, f - boulder beetle
Aim: a boulder beetle (heavily wounded, ally target, 100% to hit)
You exhale a blast of scalding steam.
The ball of steam hits the boulder beetle but does no damage.
The boulder beetle is heavily wounded.
The boulder beetle bites you!
You slash the boulder beetle!
The boulder beetle is severely wounded.
The boulder beetle is engulfed in a cloud of scalding steam.
The boulder beetle bites you!!
You slash the boulder beetle!
The boulder beetle is almost dead.
The boulder beetle is engulfed in a cloud of scalding steam.
The boulder beetle barely misses you.
You hit the boulder beetle.
The boulder beetle is almost dead.
The boulder beetle leaps!
You swap places.
The yak barely misses you.
The boulder beetle curls into a ball and begins rolling!
You closely miss the yak. The yak gores you but does no damage.
You hit the yak but do no damage.
You tail-slap the yak, but do no damage.
The yak gores you!
* * * LOW HITPOINT WARNING * * *
You can't do that yet.
Aiming: Corrosive Bolt
Press: ? - help, Shift-Dir - straight line, f/p - boulder beetle
Aim: a boulder beetle (almost dead, rolling, ally target, 100% to hit)
The bolt of acid hits the boulder beetle but does no damage.
The boulder beetle is almost dead.
Your iron imp hits the boulder beetle.
The yak gores you but does no damage. The boulder beetle hits you!!!
You die...

....... ............. ......P
... ............. .......
....... ##.#............ ...#...
#......##.##...........# ..#....
#..........##.......#...
.......##..................P....
....>.........##................
..##...#......#........_....>...
...#....#......#@B○°°...........
..###.##......#.#Y5.......#.....
...###.#........°.........#.P...
...........................##..#
............†..................
P..P#..##..P...#....#.....##..#
#####.#.##..##########....# ###
# ######### ######


You could see a boulder beetle (rolling, ally target), a yak and a friendly iron
imp (summoned).

Vanquished Creatures
  2 two-headed ogres
  5 death yaks
  A lindwurm (Lair:4)
  A black mamba (Lair:5)
  A torpor snail (Lair:2)
  A rime drake (Lair:3)
  9 cane toads
  6 komodo dragons
  2 polar bears
  3 hornets
  Grinder (D:6)
  8 blink frogs
  A shadow (D:10)
  61 yaks
  3 wyverns
  6 humans (D:6)
  Eustachio (D:6)
  3 basilisks
  2 vampire mosquitoes (D:7)
  Menkaure (D:4)
  A steam dragon (D:8)
  3 acid dragons
  9 water moccasins
  9 orc warriors
  3 sky beasts
  2 ice beasts
  A black bear (Lair:5)
  An ogre (D:7)
  A wolf (D:7)
  6 centaurs
  16 bullfrogs
  A kobold brigand (D:10)
  A necrophage (D:4)
  4 scorpions
  3 killer bees (D:9)
  2 howler monkeys
  An electric eel (Lair:2)
  4 hounds
  2 jellies
  7 orc priests
  Crazy Yiuf (D:3)
  3 iguanas
  12 orc wizards
  7 hell rats (Lair:1)
  4 gnolls (D:5)
  8 adders
  3 white imps
  3 ufetubi
  4 worms
  2 dart slugs
  49 orcs
  5 bats
  10 endoplasms
  3 giant cockroaches
  12 goblins
  14 hobgoblins
  8 quokkas
  9 ball pythons
  A frilled lizard (D:2)
  23 kobolds
  2 rats
378 creatures vanquished.

Vanquished Creatures (collateral kills)
  A blink frog (Lair:2)
  2 yaks (D:10)
  A water moccasin (Lair:2)
4 creatures vanquished.

Vanquished Creatures (others)
  2 yaks (Lair:1)
  21 fungi
  32 plants
55 creatures vanquished.

Grand Total: 437 creatures vanquished

Notes
Turn   | Place    | Note
-------+----------+-------------------------------------------
     0 | D:1      | Lekart the Draconian Chaos Knight began the quest for the
                  | Orb.
     0 | D:1      | Reached XP level 1. HP: 19/19 MP: 1/1
     9 | D:1      | XOM: divination: detect items
    40 | D:1      | Reached XP level 2. HP: 24/27 MP: 2/2
   273 | D:1      | XOM: silly message
   677 | D:1      | Reached skill level 4 in Fighting
   843 | D:1      | Reached XP level 3. HP: 30/33 MP: 3/3
   872 | D:1      | XOM: noise
  1152 | D:2      | XOM: confusion (+ monsters)
  1862 | D:2      | Reached XP level 4. HP: 41/41 MP: 4/4
  1903 | D:2      | XOM: polymorph orc -> goblin
  1992 | D:2      | XOM: cloud trail
  2048 | D:2      | XOM: god gift: 22 gold pieces
  2113 | D:3      | Found a faded altar of an unknown god.
  2191 | D:3      | XOM: polymorph rat -> endoplasm
  2201 | D:3      | Found a runed translucent door.
  2202 | D:3      | Noticed Crazy Yiuf
  2266 | D:3      | XOM: give mutations
  2266 | D:3      | Gained mutation: Your system is resistant to poisons.
                  | (rPois) [Xom's grace]
  2266 | D:3      | Gained mutation: Your spells are a little harder to cast,
                  | but a little more powerful. [Xom's grace]
  2266 | D:3      | Gained mutation: Your spells are harder to cast, but more
                  | powerful. [Xom's grace]
  2266 | D:3      | Gained mutation: Your spells are much harder to cast, but
                  | much more powerful. [Xom's grace]
  2276 | D:3      | XOM: scenery: 1 doors open
  2281 | D:3      | Killed Crazy Yiuf
  2493 | D:3      | Identified the +5 long sword of Capital Punishment {vorpal,
                  | Fly rF+ rCorr Dex+2}
  2601 | D:3      | XOM: cloud trail
  2843 | D:3      | Reached XP level 5. HP: 47/47 MP: 5/5
  2866 | D:3      | Reached skill level 5 in Fighting
  3061 | D:4      | Found Vilui's Jewellery Shop.
  3078 | D:4      | XOM: scenery: summon butterflies
  3258 | D:4      | Noticed a water moccasin
  3260 | D:4      | XOM: potion effect (invisibility)
  3265 | D:4      | Killed a water moccasin
  3266 | D:4      | Reached skill level 5 in Long Blades
  3266 | D:4      | Reached XP level 6. HP: 57/57 MP: 6/6
  3297 | D:4      | Reached skill level 6 in Fighting
  3304 | D:4      | XOM: enchant monster (good)
  3396 | D:4      | XOM: god gift: rapier {god gift}
  3449 | D:4      | Your scales start taking on a pale cyan-grey colour.
  3449 | D:4      | Reached XP level 7. HP: 59/64 MP: 7/7
  3449 | D:4      | Gained mutation: You are immune to the effects of steam.
                  | [Pale Draconian growth]
  3550 | D:4      | Noticed Menkaure
  3553 | D:4      | Killed Menkaure
  3554 | D:4      | Reached skill level 1 in Throwing
  3684 | D:4      | XOM: cloud trail
  3727 | D:5      | Entered Level 5 of the Dungeon
  3868 | D:5      | XOM is BORED!
  3868 | D:5      | XOM: 4-stop teleportation journey
  3871 | D:5      | Reached skill level 7 in Fighting
  4264 | D:5      | Reached XP level 8. HP: 73/73 MP: 8/8
  4379 | D:5      | XOM: noise
  4516 | D:5      | XOM: give mutations
  4516 | D:5      | Gained mutation: Your large and strong wings let you fly.
                  | [Xom's grace]
  4516 | D:5      | Gained mutation: You have hidden genetic potential. [Xom's
                  | grace]
  4516 | D:5      | Gained mutation: Your muscles are strong. (Str +2) [Xom's
                  | grace]
  4516 | D:5      | Gained mutation: Your tail ends in a venomous barb. [Xom's
                  | grace]
  4725 | D:5      | XOM: god gift: 56 gold pieces
  4852 | D:6      | Noticed Grinder
  4856 | D:6      | Paralysed by Grinder for 2 turns
  4865 | D:6      | Killed Grinder
  4974 | D:6      | XOM: divination: detect creatures
  4981 | D:6      | Reached skill level 8 in Fighting
  4988 | D:6      | XOM: cast spell 'Disjunction'
  4994 | D:6      | XOM: destruction
  5009 | D:6      | XOM: confuse monster(s)
  5023 | D:6      | Reached XP level 9. HP: 38/82 MP: 9/9
  5039 | D:6      | Gained mutation: You have a somewhat thin skeletal
                  | structure. (Dex +2, Stealth+) [hidden potential]
  5123 | D:6      | XOM: cloud trail
  5619 | D:6      | XOM: scenery: 2 doors open, 2 doors close
  5861 | D:6      | Noticed Eustachio
  5869 | D:6      | Killed Eustachio
  5870 | D:6      | Reached skill level 9 in Fighting
  5965 | D:6      | Found a staircase to the Ecumenical Temple.
  6040 | Temple   | XOM: noise
  6040 | Temple   | Entered the Ecumenical Temple
  6285 | D:7      | XOM: noise
  6293 | D:7      | XOM: polymorph water moccasin -> wolf
  6449 | D:7      | XOM: cloud trail
  6607 | D:7      | XOM: silly message
  6728 | D:7      | XOM: divination: detect items
  6735 | D:7      | XOM: potion effect (might)
  6791 | D:7      | Reached skill level 5 in Dodging
  6982 | D:7      | XOM is BORED!
  6982 | D:7      | XOM: noise
  7100 | D:7      | XOM: divination: detect creatures
  7164 | D:7      | XOM: 7-stop teleportation journey
  7183 | D:7      | Reached skill level 10 in Long Blades
  7869 | D:8      | Reached XP level 10. HP: 83/93 MP: 10/10
  7871 | D:8      | Reached skill level 10 in Fighting
  7878 | D:8      | Gained mutation: Your flesh is heat resistant. (rF+)
                  | [hidden potential]
  7878 | D:8      | Lost mutation: You have hidden genetic potential. [hidden
                  | potential expressed]
  8028 | D:8      | XOM: god gift: arbalest {god gift}
  8229 | D:8      | XOM: silly message
  8401 | D:8      | XOM: silly message
  8507 | D:8      | Found a staircase to the Lair.
  8515 | D:8      | XOM: 3-stop teleportation journey
  8831 | D:8      | XOM: cast spell 'Call Canine Familiar'
  8841 | D:8      | XOM: divination: detect items
  8847 | D:8      | Reached skill level 11 in Fighting
  8870 | D:8      | XOM: silly message
  9007 | D:8      | XOM is BORED!
  9007 | D:8      | XOM: silly message
  9048 | D:8      | XOM: silly message
  9217 | D:8      | XOM is BORED!
  9370 | D:8      | XOM: silly message
  9588 | D:9      | XOM: silly message
  9613 | D:9      | Found Pum Kiak's Book Emporium.
  9663 | D:9      | Found Ucaetro's Antique Weapon Boutique.
  9703 | D:9      | Found Benad's Antique Armour Shoppe.
  9703 | D:9      | Found Gysow's Jewellery Shop.
  9703 | D:9      | XOM: 1-stop teleportation journey
  9711 | D:9      | XOM: 3-stop teleportation journey
  9829 | D:9      | XOM: 1-stop teleportation journey
  9878 | D:9      | Bought a pair of embroidered boots for 232 gold pieces
  9947 | D:9      | Found Zyvecragh's Book Emporium.
 10055 | D:9      | Reached XP level 11. HP: 86/103 MP: 11/11
 10089 | D:9      | XOM: give mutations
 10089 | D:9      | Gained mutation: Your muscles are very strong. (Str +4)
                  | [Xom's mischief]
 10089 | D:9      | Lost mutation: Your muscles are very strong. (Str +4)
                  | [Xom's mischief]
 10226 | D:9      | XOM: enchant monster (bad)
 10238 | D:9      | XOM: enchant monster (bad)
 10240 | D:9      | XOM: confusion
 10248 | D:9      | XOM: confuse monster(s)
 10254 | D:9      | XOM: smoke on damage
 10259 | D:9      | XOM: stat loss: -1 Str (16/17)
 10260 | D:9      | XOM: potion effect (curing)
 10294 | D:9      | XOM: silly message
 10586 | D:9      | XOM: god gift: condenser vane
 10750 | D:9      | Reached skill level 12 in Fighting
 10752 | D:9      | Found a shimmering blue altar of Sif Muna.
 10846 | D:9      | XOM: cloud trail
 11091 | D:10     | Entered Level 10 of the Dungeon
 11093 | D:10     | XOM: fog
 11095 | D:10     | XOM is BORED!
 11095 | D:10     | XOM: confusion
 11120 | D:10     | Noticed a two-headed ogre
 11126 | D:10     | Killed a two-headed ogre
 11246 | D:10     | XOM: scenery: summon butterflies
 11249 | D:10     | XOM: summons 4 hostile demons
 11258 | D:10     | HP: 2/104 [chaos spawn[Xom] (8)]
 11498 | D:9      | XOM: give mutations
 11498 | D:9      | Gained mutation: Your muscles are very strong. (Str +4)
                  | [Xom's grace]
 11498 | D:9      | Gained mutation: You have hidden genetic potential. [Xom's
                  | grace]
 11498 | D:9      | Gained mutation: You have great hidden genetic potential.
                  | [Xom's grace]
 11498 | D:9      | Gained mutation: You possess an exceptional clarity of
                  | mind. [Xom's grace]
 11624 | D:10     | XOM: give mutations
 11624 | D:10     | Lost mutation: Your tail ends in a venomous barb. [Xom's
                  | mischief]
 11624 | D:10     | Lost mutation: Your system is resistant to poisons. (rPois)
                  | [Xom's mischief]
 11624 | D:10     | Lost mutation: You have great hidden genetic potential.
                  | [Xom's mischief]
 11624 | D:10     | Lost mutation: You have hidden genetic potential. [Xom's
                  | mischief]
 11634 | D:10     | XOM: give mutation
 11634 | D:10     | Gained mutation: Your tail ends in a venomous barb. [Xom's
                  | grace]
 11711 | D:10     | XOM: summons 11 friendly demons
 11859 | D:10     | Found Bycoly's Mass Market.
 12030 | D:10     | XOM: blink monster(s)
 12068 | D:10     | XOM is BORED!
 12068 | D:10     | XOM: give mutation
 12068 | D:10     | Lost mutation: You have a somewhat thin skeletal structure.
                  | (Dex +2, Stealth+) [Xom's mischief]
 12270 | D:10     | XOM: enchant monster (good)
 12275 | D:10     | XOM: enchant monster (bad)
 12286 | D:10     | XOM: summons 3 hostile demons
 12294 | D:10     | XOM: blink monster(s)
 12564 | D:9      | XOM: noise
 12715 | D:10     | Found Piolio Uvuoh's Assorted Antiques.
 12728 | D:10     | Bought a pair of fine gloves for 332 gold pieces
 12728 | D:10     | Identified the +0 pair of gloves of Instinct {Rampage MP+9
                  | Str-2 Stlth+} (You bought it in a shop on level 10 of the
                  | Dungeon)
 12869 | D:10     | Found a staircase to the Orcish Mines.
 13040 | D:10     | Identified 5 scrolls of acquirement
 13041 | D:10     | Acquired a manual of Long Blades
 13043 | D:10     | Acquired the +2 cloak of the Good {Contam rPois rN++ Dex+3}
 13057 | D:10     | Acquired a manual of Fighting
 13059 | D:10     | Acquired a manual of Axes
 13061 | D:10     | Acquired a +2 triple sword of holy wrath
 13105 | D:11     | Noticed a five-headed hydra
 13107 | D:11     | Noticed a two-headed ogre
 13107 | D:11     | XOM: 7-stop teleportation journey
 13118 | D:11     | Killed a two-headed ogre
 13119 | D:11     | Reached skill level 13 in Fighting
 13135 | D:11     | XOM: scenery: 1 doors open
 13354 | Lair:1   | Entered Level 1 of the Lair of Beasts
 13455 | Lair:1   | XOM: 3-stop teleportation journey
 13681 | Lair:1   | XOM: divine lightning
 13918 | Lair:1   | Reached skill level 14 in Fighting
 14029 | Lair:1   | Reached XP level 12. HP: 117/117 MP: 12/12
 14539 | Lair:2   | XOM: summons 9 friendly demons
 14601 | Lair:2   | XOM: noise
 14613 | Lair:2   | Reached skill level 15 in Fighting
 14617 | Lair:2   | XOM: silly message
 14858 | Lair:2   | XOM: enchant monster (good)
 14869 | Lair:2   | XOM: enchant monster (good)
 15038 | Lair:2   | XOM: 2-stop teleportation journey
 15048 | Lair:2   | XOM: cleaving
 15064 | Lair:2   | Reached skill level 16 in Fighting
 15252 | Lair:2   | XOM: summons 7 hostile demons
 15421 | Lair:2   | XOM: 1-stop teleportation journey
 15491 | Lair:2   | XOM: polymorph yak -> something unseen
 15499 | Lair:2   | XOM: enchant monster (good)
 15581 | Lair:1   | XOM: scenery: summon butterflies
 15957 | Lair:2   | Found a hole to the Spider Nest.
 16209 | Lair:3   | XOM: confuse monster(s)
 16223 | Lair:3   | XOM: divination: detect creatures
 16310 | Lair:3   | XOM: cast spell 'Leda's Liquefaction'
 16331 | Lair:3   | XOM: divination: detect items
 16468 | Lair:3   | Reached skill level 17 in Fighting
 16496 | Lair:3   | XOM: silly message
 16683 | Lair:3   | XOM: 1-stop teleportation journey
 17202 | Lair:4   | Learned a level 7 spell: Storm Form
 17244 | Lair:4   | XOM: potion effect (berserk rage)
 17506 | Lair:4   | Found a staircase to the Shoals.
 17522 | Lair:4   | Reached skill level 18 in Fighting
 17719 | Lair:4   | XOM: silly message
 17842 | Lair:4   | XOM: god gift: 27 gold pieces
 18002 | Lair:4   | XOM is BORED!
 18350 | Lair:5   | XOM: cleaving
 18605 | Lair:5   | XOM: god gift: 36 gold pieces
 18644 | Lair:5   | Reached skill level 1 in Air Magic
 18705 | Lair:5   | XOM: divination: detect items
 18768 | Lair:5   | XOM: enchant monster (good)
 19075 | Lair:5   | Reached skill level 1 in Axes
 19075 | Lair:5   | Reached XP level 13. HP: 119/134 MP: 14/14
 19222 | Lair:5   | XOM: summons friendly ufetubus
 19233 | Lair:5   | Reached skill level 1 in Spellcasting
 19233 | Lair:5   | Reached skill level 1 in Transmutations
 19414 | Lair:5   | XOM: polymorph ufetubus -> shadow imp
 19416 | Lair:5   | XOM: confuse monster(s)
 19445 | Lair:4   | Reached skill level 1 in Evocations
 19509 | Lair:4   | XOM: god gift: 34 gold pieces
 19785 | Lair:5   | XOM: confuse monster(s)
 19796 | Lair:5   | XOM: enchant monster (good)
 19939 | Lair:4   | XOM: god gift: 37 gold pieces
 20421 | Lair:5   | XOM: potion effect (berserk rage)
 20426 | Lair:5   | XOM: scenery: create altars
 20434 | Lair:5   | XOM: summons friendly iron imp
 20442 | Lair:5   | Slain by a boulder beetle

Illustrated notes

Levels and vault maps discovered:
D:1:      onia_arrival_pentagram, layout_basic
D:2:      layout_basic
D:3:      layout_basic, shapermc_ecumenical_altar_totnotflames,
          kennysheep_generic_room_2, uniq_crazy_yiuf_cottage
D:4:      layout_rooms, serial_shops, shop, uniq_menkaure
D:5:      corexii_shantytown, layout_basic, mrwooster_statue_mirror,
          chequers_serial_rivers_micro_d
D:6:      layout_gridville, lemuel_temple_firewalk_b, minmay_ruffians,
          uniq_grinder, uniq_eustachio
D:7:      layout_layer_cave
D:8:      layout_basic, erik_lair_dragon
D:9:      layout_basic, kennysheep_orc_sif_temple, serial_shops,
          nicolae_take_the_stairs, shop, nicolae_stop_n_shop_1,
          nicolae_stop_n_shop_2, nicolae_lakefront_shop,
          dreamdust_deal_with_the_devil
D:10:     layout_big_octagon, david_orc_4, serial_shops, shop, minivault_19,
          minmay_shop_mass
D:11:     layout_cave_pools, serial_shops, nicolae_shop_hallway_stairs
Temple:   mainiacjoe_temple_archimedes_tessellation
Lair:1:   layout_misc_corridors, infiniplex_staircase_pool
Lair:2:   layout_chaotic_city, spider_nest_entry_web_field,
          infiniplex_staircase_pool_2, serial_bayou_shore_a
Lair:3:   layout_regular_city, grunt_megastairs_5, serial_bayou_shore_b
Lair:4:   layout_small_grid, minmay_shoals_entry_centaurs, beast_lair_carwin_11,
          lemuel_fruit_fields
Lair:5:   layout_regular_city, dpeg_slime_entry_corner,
          gammafunk_ghost_necromancy

Skill      XL: |  1  2  3  4  5  6  7  8  9 10 11 12 13 |
---------------+----------------------------------------+-----
Fighting       | 4 5 6 7 8 9 11 14 18 | 18.4
Long Blades    | 4 5 6 8 10 12 14 | 14.0
Dodging        | 3 4 5 6 7 9 |  9.6
Throwing       | 1 |  1.7
Air Magic      | 1 2 |  2.1
Axes           | 1 3 |  3.6
Spellcasting   | 1 |  1.7
Transmutations | 1 |  1.9
Evocations     | 1 |  1.2

Action                   |  1- 3 |  4- 6 |  7- 9 | 10-12 | 13-15 || total
-------------------------+-------+-------+-------+-------+-------++-------
Melee: Falchion          |   125 |    57 |       |       |       ||   182
       Tailslap          |    18 |    12 |    31 |   117 |    17 ||   195
       Long sword        |       |    65 |   248 |   619 |    65 ||   997
       Punch             |       |       |     1 |    12 |     2 ||    15
       Triple sword      |       |       |       |    21 |       ||    21
       War axe           |       |       |       |    32 |       ||    32
Throw: Javelin           |       |    11 |     5 |     7 |       ||    23
 Abil: Breathe Steam     |       |       |     7 |     5 |     2 ||    14
Evoke: Wand              |       |     2 |       |     3 |     2 ||     7
       Piece from Xom's  |       |     1 |       |       |    10 ||    11
       Condenser vane    |       |       |       |     2 |       ||     2
  Use: Scroll            |     1 |     4 |     7 |    26 |       ||    38
       Potion            |       |     1 |       |     2 |       ||     3
 Stab: Paralysed         |     1 |     2 |       |     2 |       ||     5
       Sleeping          |     1 |       |     6 |    16 |       ||    23
       Invisible         |       |     6 |       |       |       ||     6
       Confused          |       |       |     3 |     5 |       ||     8
       Distracted        |       |       |     2 |     3 |       ||     5
       Petrified         |       |       |       |     3 |       ||     3
Armor: Skin              |    47 |    40 |    70 |   230 |    15 ||   402
Dodge: Dodged            |    91 |   103 |   143 |   592 |    19 ||   948

Table legend: (Time is in decaauts)
 A = Elapsed time spent in this place.
 B = Non-inter-level travel time spent in this place.
 C = Inter-level travel time spent in this place.
 D = Time resting spent in this place.
 E = Time spent auto-exploring this place.
 F = Levels seen in this place.
 G = Mean time per level.
                   A        B        C        D        E       F      G
               +--------+--------+--------+--------+--------+-----+--------+
         Total |  20351 |  19684 |    667 |   3802 |  12623 |  17 | 1197.1 |
       Dungeon |  13113 |  12637 |    476 |   1366 |   9262 |  11 | 1192.1 |
        Temple |    209 |    193 |     16 |      0 |    176 |   1 |  209.0 |
          Lair |   7028 |   6854 |    174 |   2436 |   3184 |   5 | 1405.6 |
               +--------+--------+--------+--------+--------+-----+--------+

Top non-repeatable levels by time:
     D:9: 2139 daAuts
  Lair:4: 2000 daAuts
     D:8: 1928 daAuts
  Lair:1: 1620 daAuts
    D:10: 1491 daAuts
     D:7: 1365 daAuts
  Lair:5: 1305 daAuts
     D:6: 1224 daAuts
  Lair:2: 1186 daAuts
     D:5: 1132 daAuts
     D:2: 1071 daAuts
     D:1: 1024 daAuts
     D:3: 982 daAuts
  Lair:3: 915 daAuts
     D:4: 688 daAuts
